Map: [ESL] Cosmic Sapphire

Players

NightMare

  • Race: Protoss Protoss
  • Spawn Location: 11:00

Scarlett - Winner!

  • Race: Zerg Zerg
  • Spawn Location: 5:00

Event: DreamHack SC2 Masters 2022 Atlanta (Offline)

VOD

Have the link to the VOD?

Description

Time

  • Played on: Nov. 19, 2022, 11:16 a.m.
  • Length: 8:40

All games in this series

Show
View Real Time Build Order
Export as new Build Order

NightMare Protoss 

Build Orders: 1 Gate Expand, Dark Templar Rush 

Get SALT Encoding   

  12  0:00  Probe  
  13  0:12  Probe  
  14  0:19  Pylon  
  14  0:24  Probe  
  15  0:37  Probe (Chrono Boost)  
  16  0:43  Gateway  
  16  0:47  Probe (Chrono Boost)  
  16  0:48  Assimilator  
  17  0:52  Probe (Chrono Boost)  
  18  1:03  Probe  
  19  1:15  Probe  
  20  1:24  Nexus  
  20  1:34  Cybernetics Core  
  20  1:37  Probe  
  21  1:44  Assimilator  
  21  1:49  Probe  
  21  1:53  Pylon  
  22  2:01  Probe  
  23  2:08  Adept (Chrono Boost)  
  23  2:11  Warp Gate  
  23  2:13  Probe  
  26  2:19  Twilight Council  
  26  2:25  Probe  
  26  2:29  Adept (Chrono Boost)  
  29  2:37  Probe  
  29  2:38  Probe  
  31  2:49  Probe  
  31  2:50  Probe  
  33  2:53  Robotics Facility  
  33  3:02  Probe (Chrono Boost)  
  33  3:04  Probe (Chrono Boost)  
  35  3:08  Dark Shrine  
  36  3:14  Probe (Chrono Boost)  
  36  3:17  Gateway, Probe (Chrono Boost)  
  36  3:19  Probe (Chrono Boost)  
  37  3:23  Stalker  
  37  3:25  Probe  
  41  3:30  Probe  
  41  3:32  Pylon  
  42  3:38  Assimilator  
  42  3:41  Warp Prism (Chrono Boost)  
  43  3:42  Probe  
  43  3:46  Probe  
  46  3:54  Probe  
  47  3:58  Probe  
  48  4:06  Adept  
  48  4:08  Probe  
  47  4:10  Probe, Pylon  
  47  4:13  Gateway x2  
  48  4:20  Probe  
  48  4:22  Probe  
  50  4:32  Dark Templar x2  
  50  4:33  Probe  
  50  4:34  Shadow Stride (Chrono Boost), Probe  
  56  4:49  Nexus  
  56  4:51  Pylon  
  54  4:55  Pylon  
  54  4:58  Probe x2  
  56  5:01  Assimilator  
  56  5:04  Observer  
  57  5:10  Shield Battery, Dark Templar x2  
  57  5:11  Probe x2  
  63  5:17  Dark Templar  
  65  5:23  Probe x2  
  65  5:24  Forge  
  67  5:31  Gateway  
  67  5:32  Gateway  
  67  5:34  Blink (Chrono Boost)  
  67  5:38  Zealot  
  67  5:40  Probe  
  69  5:48  Pylon x2  
  66  5:54  Probe x2  
  66  5:55  Stalker  
  69  6:02  Probe  
  70  6:06  Probe x2  
  72  6:14  Probe  
  72  6:16  Dark Templar x3  
  79  6:18  Probe x2  
  79  6:19  Stalker  
  79  6:24  Protoss Ground Weapons Level 1 (Chrono Boost), Pylon  
  83  6:27  Probe  
  83  6:30  Probe  
  83  6:32  Stalker  
  87  6:33  Assimilator  
  87  6:36  Probe  
  89  6:40  Probe  
  89  6:41  Pylon  
  89  6:42  Probe  
  88  6:47  Stalker x2  
  88  6:51  Stalker x2  
  88  6:56  Stalker  
  88  6:57  Probe x3  
  93  7:12  Probe x2  
  93  7:15  Assimilator  
  95  7:16  Stalker x4  
  95  7:20  Shield Battery  
  95  7:22  Observer  
  103  7:23  Shield Battery  
  103  7:25  Stalker x2  
  103  7:29  Pylon  
  103  7:31  Shield Battery  
  103  7:33  Shield Battery  
  103  7:39  Gateway  
  103  7:41  Stalker  
  103  7:42  Stalker x2  
  109  7:45  Stalker  
  109  7:49  Stalker  
  113  7:54  Stalker  
  105  8:06  Dark Templar  
  105  8:10  Stalker x3  
  109  8:13  Stalker  
  109  8:19  Gateway, Stalker  
  93  8:28  Dark Templar  
  83  8:35  Dark Templar x2  
Show
View Real Time Build Order
Export as new Build Order

Scarlett Zerg - Winner!

Build Orders: Hatch First 

Get SALT Encoding   

  12  0:00  Drone  
  13  0:12  Overlord  
  13  0:17  Drone  
  14  0:30  Drone x2  
  16  0:47  Hatchery  
  15  0:51  Drone  
  15  0:55  Drone  
  17  0:58  Drone  
  18  1:08  Extractor  
  17  1:12  Spawning Pool  
  17  1:16  Drone  
  17  1:19  Drone  
  18  1:27  Drone  
  19  1:38  Drone  
  20  1:49  Drone  
  21  1:59  Queen x2  
  21  2:00  Zergling x2, Overlord  
  26  2:10  Drone  
  26  2:12  Metabolic Boost, Drone  
  28  2:20  Zergling x2  
  29  2:26  Drone  
  30  2:31  Drone  
  30  2:32  Drone  
  32  2:39  Hatchery  
  32  2:42  Queen  
  33  2:47  Overlord  
  33  2:51  Drone  
  34  2:58  Drone x2  
  36  3:06  Zergling x6  
  36  3:09  Drone x2  
  41  3:14  Queen  
  41  3:16  Drone  
  44  3:25  Overlord  
  44  3:36  Spore Crawler, Overlord  
  44  3:39  Drone  
  44  3:43  Queen  
  44  3:45  Drone x4  
  44  3:47  Drone x2  
  52  3:51  Drone x4  
  52  3:53  Queen  
  58  3:59  Overlord  
  58  4:03  Drone x2  
  58  4:09  Roach Warren  
  59  4:11  Drone x3  
  59  4:15  Drone  
  59  4:16  Drone x2  
  65  4:19  Spore Crawler  
  65  4:23  Drone x4  
  68  4:26  Extractor  
  68  4:29  Overlord  
  67  4:36  Zergling x10  
  67  4:37  Lair  
  72  4:42  Spore Crawler  
  71  4:47  Drone x5  
  75  4:54  Drone x5  
  75  4:59  Evolution Chamber  
  79  5:02  Drone  
  79  5:03  Drone x2  
  79  5:05  Extractor  
  79  5:06  Drone, Extractor  
  81  5:07  Extractor  
  81  5:10  Drone, Extractor  
  81  5:13  Overlord x4  
  80  5:18  Drone x2  
  82  5:22  Overlord x2  
  82  5:27  Zerg Missile Weapons Level 1  
  82  5:31  Drone  
  82  5:32  Drone x3  
  82  5:33  Roach x3  
  91  5:38  Roach x3  
  97  5:46  Roach x3  
  100  5:54  Drone  
  100  5:55  Drone  
  100  5:56  Roach x3  
  107  5:57  Pneumatized Carapace  
  107  6:02  Roach x4  
  115  6:13  Roach x3  
  115  6:14  Glial Reconstitution  
  115  6:17  Roach x4  
  129  6:20  Hatchery  
  129  6:21  Overseer x2  
  129  6:23  Overlord  
  128  6:26  Overlord x2  
  128  6:43  Overseer  
  128  6:52  Roach x9  
  128  6:53  Roach x3  
  152  6:57  Overseer  
  152  7:01  Overlord x3  
  152  7:06  Overlord  
  152  7:07  Overlord  
  152  7:08  Overlord x2  
  152  7:14  Ravager  
  149  7:23  Ravager x4  
  149  7:26  Drone x3  
  149  7:28  Overseer  
  149  7:29  Spine Crawler  
  155  7:34  Roach x5  
  155  7:37  Zergling x10  
  169  7:41  Roach  
  172  7:45  Roach x3  
  172  7:46  Roach  
  172  7:47  Overseer  
  180  7:52  Zergling x2  
  180  7:56  Zergling x4  
  180  7:57  Ravager x2  
  182  8:03  Roach  
  182  8:04  Roach x3  
  176  8:08  Roach x2  
  176  8:12  Overseer  
  180  8:16  Roach  
  180  8:22  Overseer, Hatchery  
  181  8:28  Overseer  
Tags
 
Add a new tag
Caveats
  • Supply blocks, unpowered buildings, or Contaminate may cause inaccurate times.
  • Supply counts are checked every 10 seconds.